 Dungeon Crawl Stone Soup version 0.29-a0-823-gc37b1572da (webtiles) character file.

Game seed: 653623093337807438

1477 jimonade the Twirler (level 9, -4/69 HPs)
             Began as a Formicid Fighter on July 7, 2022.
             Slain by Edmund
             ... wielding a +2 dire flail of holy wrath
              (6 damage)
             ... on level 6 of the Dungeon on July 8, 2022.
             The game lasted 00:18:54 (4831 turns).

jimonade the Twirler (Formicid Fighter)             Turns: 4831, Time: 00:18:55

Health: -4/69      AC:  7    Str: 32    XL:     9   Next: 6%
Magic:  15/15      EV: 11    Int: 14    God:
Gold:   310        SH:  5    Dex: 11    Spells: 16/16 levels left

rFire   . . .      SeeInvis +   m - +8 quarterstaff of the World {pain, Will+ Str+9 Int+4 Dex-2}
rCold   . . .      Faith    .   c - +0 buckler
rNeg    . . .      Spirit   .   H - +0 ring mail
rPois   .          Reflect  .   (helmet unavailable)
rElec   .          Harm     .   (no cloak)
rCorr   .          Rampage  .   i - +0 pair of gloves
Will    +....                   (no boots)
Stlth   +.........              (no amulet)
HPRegen 0.21/turn               (no ring)
MPRegen 0.14/turn               (no ring)

@: mighty, studying Ranged Weapons
A: permanent stasis, dig shafts and tunnels, antennae 3, four strong arms
a: Dig, Shaft Self


You were on level 6 of the Dungeon.
You visited 1 branch of the dungeon, and saw 6 of its levels.

You collected 310 gold pieces.

Inventory:

Hand Weapons
 m - the +8 quarterstaff of the World (weapon) {pain, Will+ Str+9 Int+4 Dex-2}
   (You found it on level 2 of the Dungeon)

   In the hands of one skilled in necromantic magic, it inflicts extra damage on
   living creatures.
   Str:       It affects your strength (+9).
   Int:       It affects your intelligence (+4).
   Dex:       It affects your dexterity (-2).
   Will:      It increases your willpower.
 o - a +0 trident
 v - a +4 falchion of distortion
 A - a +2 dagger of protection
 I - a +0 sling of venom
Missiles
 e - 47 stones
 s - 12 poisoned darts
 y - a throwing net
 z - 2 atropa-tipped darts
 F - 4 boomerangs
Armour
 b - a +0 scale mail
 c - a +0 buckler (worn)
 i - a +0 pair of gloves (worn)
 k - a +0 leather armour
 t - a +0 robe of positive energy
 w - a +0 robe of willpower
 H - a +0 ring mail (worn)
Potions
 d - a potion of might
 g - a potion of invisibility
 j - 3 potions of attraction
 p - 4 potions of magic
 q - a potion of mutation {unknown}
 u - a potion of lignification {unknown}
 E - 2 potions of curing


   Skills:
 * Level 6.1 Fighting
 + Level 7.1 Staves
 + Level 5.1 Armour
 + Level 1.5 Dodging
 + Level 4.9 Shields
 * Level 4.3 Spellcasting


You had 16 spell levels left.
You didn't know any spells.
Your spell library contained the following spells:

 Spells                   Type           Power      Damage    Failure   Level
 Summon Small Mammal      Summ           12%        N/A       32%         1
 Call Canine Familiar     Summ           3%         N/A       67%         3
 Summon Guardian Golem    Hex/Summ       3%         N/A       67%         3
 Fulminant Prism          Conj/Hex       1%         3d6       97%         4
 Iskenderun's Mystic Bla  Conj/Tloc      3%         2d3       97%         4
 Lee's Rapid Deconstruct  Erth           1%         3d5*      100%        5
 Borgnjor's Revivificati  Necr           1%         N/A       100%        8
 Necromutation            Tmut/Necr      1%         N/A       100%        8
 Death's Door             Necr           1%         N/A       100%        9


Dungeon Overview and Level Annotations

Branches:
Dungeon (6/15)
 Temple: D:4-7

Altars:
Ashenzari
Gozag
Zin

Shops:
D:1 !   D:4 *

Annotations:
D:6 Edmund


Innate Abilities, Weirdness & Mutations

You cannot be hasted, slowed, berserked, paralysed or teleported.
You can dig through walls and to a lower floor.
You have a pair of large antennae on your head. (SInv)
Your four strong arms can wield two-handed weapons with a shield.


Message History

Your adder closely misses Edmund.
Your adder bites Edmund.
Edmund hits your adder with a +2 dire flail of holy wrath!
Your adder dies!
Your adder's corpse dissolves into shadows!
You hit Edmund.
Edmund is lightly wounded.
Edmund hits you with a +2 dire flail of holy wrath!
You hit Edmund.
Edmund is lightly wounded.
Edmund hits you with a +2 dire flail of holy wrath.
You barely miss Edmund.
Edmund is lightly wounded.
You hear the slow hiss of an avalanche of sand nearby.
Edmund hits you with a +2 dire flail of holy wrath.
* * * LOW HITPOINT WARNING * * *
You closely miss Edmund.
Edmund is lightly wounded.
Edmund hits you with a +2 dire flail of holy wrath!
* * * LOW HITPOINT WARNING * * *
You closely miss Edmund.
Edmund is lightly wounded.
Edmund hits you with a +2 dire flail of holy wrath!
* * * LOW HITPOINT WARNING * * *
You aren't carrying any items that you can evoke.
Unknown command.
Press: ? - help, v - describe, . - travel
Here: Edmund, wielding a +2 dire flail of holy wrath and wearing a +0 leather armour (lightly wounded)
The floor.
Unknown command.
You feel very mighty all of a sudden.
Edmund hits you with a +2 dire flail of holy wrath.
* * * LOW HITPOINT WARNING * * *
You closely miss Edmund.
Edmund is lightly wounded.
Edmund closely misses you.
You thump Edmund!
Edmund is heavily wounded.
Edmund hits you with a +2 dire flail of holy wrath.
You die...

########
#))....#
#<)?...#
#.)....#####
#.....@@...#
#......###....
###.#### .
.... ###.##
#(# ...


You could see Edmund.

Vanquished Creatures
  2 ice beasts (D:5)
  A black bear (D:5)
  2 ogres
  A kobold brigand (D:6)
  2 scorpions (D:5)
  3 quasits (D:4)
  A jelly (D:6)
  6 orc priests
  A hound (D:5)
  Jessica (D:3)
  4 iguanas
  5 orc wizards
  4 gnolls (D:4)
  7 adders
  A white imp (D:5)
  2 worms
  3 dart slugs
  22 orcs
  9 ball pythons
  6 bats
  9 endoplasms
  4 giant cockroaches (D:4)
  A goblin (D:2)
  5 hobgoblins
  6 jackals
  2 quokkas
  4 frilled lizards
  7 kobolds
  2 rats (D:1)
123 creatures vanquished.

Vanquished Creatures (collateral kills)
  A jelly (D:6)
1 creature vanquished.

Grand Total: 124 creatures vanquished

Notes
Turn   | Place    | Note
-------+----------+-------------------------------------------
     0 | D:1      | jimonade the Formicid Fighter began the quest for the Orb.
     0 | D:1      | Reached XP level 1. HP: 18/18 MP: 1/1
   251 | D:1      | Found Piryoten's Distillery.
   435 | D:1      | Reached XP level 2. HP: 23/24 MP: 1/3
   495 | D:1      | Found a faded altar of an unknown god.
   736 | D:2      | Reached skill level 1 in Spellcasting
   941 | D:2      | Reached XP level 3. HP: 30/30 MP: 4/4
  1106 | D:2      | Identified the +8 quarterstaff of the World {pain, Will+
                  | Str+9 Int+4 Dex-2}
  1525 | D:2      | Reached XP level 4. HP: 37/37 MP: 6/6
  1733 | D:3      | Found a broken altar of Ashenzari.
  1757 | D:3      | Noticed Jessica
  1761 | D:3      | Killed Jessica
  1762 | D:3      | Reached skill level 3 in Staves
  1915 | D:3      | Reached XP level 5. HP: 42/42 MP: 7/7
  1945 | D:3      | Reached XP level 6. HP: 30/48 MP: 7/9
  2073 | D:3      | Reached skill level 4 in Staves
  2546 | D:3      | Upgraded the game from 0.29-a0-821-g66395355a5 to
                  | 0.29-a0-823-gc37b1572da
  2757 | D:4      | Noticed an ogre
  2778 | D:4      | Killed an ogre
  2779 | D:4      | Reached XP level 7. HP: 55/55 MP: 11/11
  2818 | D:4      | Reached skill level 1 in Dodging
  3034 | D:4      | Reached skill level 5 in Fighting
  3393 | D:4      | Found Ebbuqey's General Store.
  3396 | D:4      | Reached skill level 5 in Staves
  3429 | D:4      | Found an opulent altar of Gozag.
  3770 | D:5      | Entered Level 5 of the Dungeon
  3774 | D:5      | Reached XP level 8. HP: 60/61 MP: 13/13
  3858 | D:5      | Found a glowing silver altar of Zin.
  3895 | D:5      | Reached skill level 6 in Staves
  4054 | D:5      | Reached skill level 5 in Armour
  4788 | D:6      | Reached skill level 7 in Staves
  4788 | D:6      | Reached XP level 9. HP: 64/69 MP: 15/15
  4813 | D:6      | Noticed Edmund
  4829 | D:6      | HP: 2/69 [Edmund/+2 dire flail of holy wrath (2)]
  4831 | D:6      | Slain by Edmund

Illustrated notes

Levels and vault maps discovered:
D:1:      tarquinn_simple_flora_water_b, layout_loops_ring, serial_shops,
          nicolae_shop_hallway_stairs, shapermc_ecumenical_altar_hornbeckon,
          chequers_jeans
D:2:      layout_loops_corners
D:3:      layout_loops_ring, mainiacjoe_overflow_small_starburst, uniq_jessica
D:4:      cheibrodos_quashed, layout_loops_cross, grunt_gozag_breadcrumbs,
          serial_shops, shop
D:5:      layout_loops_ring, mainiacjoe_overflow_alcove_1, minmay_manual_moon
D:6:      layout_rooms, general_overflow_altar, minmay_temple_entry_overgrown,
          enter_ossuary_1, minmay_crossroads, uniq_edmund, uniq_menkaure

Skill      XL: |  1  2  3  4  5  6  7  8 |
---------------+-------------------------+-----
Spellcasting   | 1 2 3 4 |  4.3
Staves         | 3 4 5 7 |  7.1
Fighting       | 4 5 6 |  6.1
Dodging        | 1 |  1.5
Armour         | 4 5 |  5.1
Shields        | |  4.9

Action                   |  1- 3 |  4- 6 |  7- 9 || total
-------------------------+-------+-------+-------++-------
Melee: Quarterstaff      |    70 |    51 |   148 ||   269
 Abil: Dig               |     1 |       |     2 ||     3
  Use: Scroll            |       |       |    13 ||    13
       Potion            |       |       |     1 ||     1
Armor: Scale mail        |    40 |    11 |    47 ||    98
       Ring mail         |       |       |    11 ||    11
Dodge: Dodged            |    25 |    27 |    39 ||    91
Block: Buckler           |     8 |     8 |    36 ||    52

Table legend: (Time is in decaauts)
 A = Elapsed time spent in this place.
 B = Non-inter-level travel time spent in this place.
 C = Inter-level travel time spent in this place.
 D = Time resting spent in this place.
 E = Time spent auto-exploring this place.
 F = Levels seen in this place.
 G = Mean time per level.
                   A        B        C        D        E       F      G
               +--------+--------+--------+--------+--------+-----+--------+
         Total |   4865 |   4670 |    195 |    336 |   2950 |   6 |  810.8 |
       Dungeon |   4865 |   4670 |    195 |    336 |   2950 |   6 |  810.8 |
               +--------+--------+--------+--------+--------+-----+--------+

Top non-repeatable levels by time:
     D:4: 1219 daAuts
     D:2: 1091 daAuts
     D:5: 1007 daAuts
     D:3: 798 daAuts
     D:1: 693 daAuts
     D:6: 55 daAuts
